AoeStats
← Mannu5899

Yucatan

510639408Analyzed
3v3 RM · 1d ago on Oct 1, 2026· 20m 53s· 6 players
Game mode
Random Map
Map size
Normal (6 player)
Population
200
Speed
Normal
Resources
Standard
Victory
Conquest
Starting age
Dark Age
Ending age
Imperial Age
RankedLock teamsTeams togetherTeam positionsShared explorationLock speedFull tech treeHidden civsTurbo modeCheats
Victory
Defeat
🇦🇷 Aztecs · Argentina
677
+15
🇦🇷 Inca · Argentina
677
+15
🇦🇷 Chinese · Argentina
671
+15
🇨🇴 Franks · Colombia
717
-17
🇹🇼 Goths · Taiwan
655
-15
608
-13
Danilo98332
12:22 Feudal Age
17:08 Castle Age
16:01 Horse Collar
16:06 Double-Bit Axe
18:55 Heavy Plow
19:48 Loom
Khavy7047
12:21 Feudal Age
19:05 Castle Age
20:09 Double-Bit Axe
Mannu5899
12:36 Feudal Age
13:04 Horse Collar
13:13 Double-Bit Axe
16:41 Wheelbarrow
20:57 Castle Age
20:32 Gold Mining
santiago14_asd
1:12 Loom
13:59 Feudal Age
20:28 Castle Age
=p | Kabrito Lixerooo
10:18 Feudal Age
21:23 Castle Age
c00jsw00
1:08 Loom
16:17 Feudal Age
17:59 Double-Bit Axe
22:09 Castle Age
20:29 Fishing Lines
Connection lost

Rejoining the realm…

Still unreachable

The connection could not be restored.

Session expired

The server has moved on; the page needs a fresh start.